 Dungeon Crawl Stone Soup version 0.24-a0-585-g5c5dc1b5cb (webtiles) character file.

Game seed: 5005520002964523537, levelgen mode: deterministic

28151 Peloso the Carver (level 13, 0/81 HPs)
             Began as a Minotaur Fighter on Sept 7, 2019.
             Was the Champion of Okawaru.
             Slain by a Hell Sentinel (1 damage)
             ... on level 2 of the Abyss.
             The game lasted 00:48:42 (14798 turns).

Peloso the Carver (Minotaur Fighter)               Turns: 14798, Time: 00:48:43

Health: 0/81       AC: 22    Str: 25    XL:     13   Next: 8%
Magic:  14/14      EV:  9    Int:  5    God:    Okawaru [******]
Gold:   1219       SH: 14    Dex: 14    Spells: 12/12 levels left

rFire    . . .     SeeInvis +   a - +6 falchion of Nuaff {flame, rElec}
rCold    + . .     Gourm    .   c - +0 shield
rNeg     . . .     Faith    .   C - +0 plate armour
rPois    .         Spirit   .   R - +0 hat {SInv}
rElec    +         Reflect  .   Q - +1 cloak {+Inv}
rCorr    .         Harm     .   p - +0 pair of gloves {Dex+3}
MR       .....                  K - +1 pair of boots
Stlth    ..........             y - amulet of regeneration
HPRegen  0.63/turn              m - ring of flight
MPRegen  0.14/turn              N - ring of protection from cold

@: no status effects
A: retaliatory headbutt, horns 2, [blurry vision 2], [frail 3]
a: Heroism, Finesse, Renounce Religion, Evoke Invisibility, Evoke Flight


You were on level 2 of the Abyss.
You worshipped Okawaru.
Okawaru was exalted by your worship.
You were not hungry.

You visited 2 branches of the dungeon, and saw 13 of its levels.
You visited the Abyss 1 time.
You also visited: Bailey.

You collected 1219 gold pieces.

Inventory:

Hand Weapons
 a - the +6 falchion of Nuaff (weapon) {flame, rElec}
   (Okawaru gifted it to you on level 11 of the Dungeon)

   It has been specially enchanted to burn those struck by it, causing extra
   injury to most foes and up to half again as much damage against particularly
   susceptible opponents.
   Big, fiery blades are also staple armaments of hydra-hunters.
   It insulates you from electricity.
 b - a +2 scimitar of holy wrath
 h - a +2 whip of flaming
 U - a +4 scimitar of flaming
Armour
 c - a +0 shield (worn)
 p - a +0 pair of gloves of dexterity (worn)
 C - a +0 plate armour (worn)
 I - a scarf of spirit shield
 K - a +1 pair of boots (worn)
 O - a +0 pair of gloves
 Q - a +1 cloak of invisibility (worn)
 R - a +0 hat of see invisible (worn)
 S - a +0 chain mail of magic resistance
Jewellery
 e - an uncursed ring of stealth
 m - a ring of flight (left hand)
 y - an amulet of regeneration (around neck)
 z - an uncursed ring of magical power
 D - an uncursed ring of magical power
 G - an uncursed ring of protection from magic
 L - an uncursed amulet of the acrobat
 M - a cursed ring of teleportation {unknown}
 N - a ring of protection from cold (right hand)
Wands
 d - a wand of iceblast (7)
 t - a wand of digging (5)
 B - a wand of flame (32)
 H - a wand of polymorph (6)
Scrolls
 g - 3 scrolls of fog
 l - 4 scrolls of teleportation
 n - 3 scrolls of enchant armour
 o - 5 scrolls of magic mapping
 q - 4 scrolls of identify
 r - 2 scrolls of amnesia
 s - 2 scrolls of blinking {unknown}
 u - 4 scrolls of remove curse
 w - 3 scrolls of immolation {unknown}
 E - 2 scrolls of enchant weapon {unknown}
 F - 3 scrolls of fear {unknown}
Potions
 i - 2 potions of mutation
 j - a potion of haste
 k - a potion of brilliance
 x - a potion of curing
 A - 4 potions of heal wounds
 J - a potion of flight {unknown}
Comestibles
 f - 31 rations


   Skills:
 + Level 11.4 Fighting
 + Level 14.9 Long Blades
 + Level 0.4 Maces & Flails
 + Level 12.0 Armour
 + Level 4.3 Dodging
 + Level 0.4 Stealth
 + Level 13.3 Shields
 + Level 2.7 Invocations
 + Level 1.8 Evocations


You had 12 spell levels left.
You didn't know any spells.
Your spell library contained the following spells:

 Spells                   Type           Power        Failure   Level  Hunger
 Corona                   Hex            #......      99%         1    ##.....
 Infusion                 Chrm           #...         99%         1    ##.....
 Sandblast                Erth           #.....       99%         1    ##.....
 Ensorcelled Hibernation  Hex/Ice        #.....       100%        2    ###....
 Passwall                 Tmut/Erth      #.......     100%        2    ###....
 Song of Slaying          Chrm           #.......     100%        2    ###....
 Confuse                  Hex            #.......     100%        3    ####...
 Dazzling Spray           Conj/Hex       #.....       100%        3    ####...
 Stone Arrow              Conj/Erth      #.....       100%        3    ####...
 Tukima's Dance           Hex            #.......     100%        3    ####...
 Petrify                  Tmut/Erth      #.......     100%        4    #####..
 Bolt of Magma            Conj/Fire/Erth #.........   100%        5    ######.
 Lee's Rapid Deconstruct  Erth           #.........   100%        5    ######.
 Ring of Flames           Chrm/Fire      #.........   100%        7    #######


Dungeon Overview and Level Annotations

Branches:
Dungeon (12/15)            Temple (1/1) D:4            Lair (0/6) D:8
    Orc (0/2) D:10         Bailey (visited)

Altars:
Ashenzari
Cheibriados
Dithmenos
Fedhas
Gozag
Hepliaklqana
Kikubaaqudgha
Makhleb
Okawaru
Qazlal
Sif Muna
Trog
Uskayaw
Xom
Yredelemnul
Zin
The Shining One


Innate Abilities, Weirdness & Mutations

You reflexively headbutt those who attack you in melee.
You have a pair of horns on your head.
[Scrolls take you longer to read.]
[You are extremely frail. (-30% HP)]


Message History

You slash the Hell Sentinel!
The Hell Sentinel is lightly wounded.
The Hell Sentinel gestures at you.
The sphere of damnation explodes!
The damnation engulfs you!!!
* * * LOW HITPOINT WARNING * * *
The damnation engulfs the Hell Sentinel.
The Hell Sentinel completely resists.
You hit the Hell Sentinel but do no damage.
You headbutt the Hell Sentinel!
The Hell Sentinel is lightly wounded.
You block the Hell Sentinel's attack. x2
You hit the Hell Sentinel but do no damage.
The Hell Sentinel is lightly wounded.
You barely miss the Hell Sentinel.
You headbutt the Hell Sentinel, but do no damage.
The Hell Sentinel is lightly wounded.
The Hell Sentinel hits you.
* * * LOW HITPOINT WARNING * * *
The Hell Sentinel hits you.
You die...

## # .## ##.## ..
##. #.... ...# #.
#..#..#.#.#
##....#####.@1......
.... .. #.#.#....#.#
.#..... ##.##......#
#.....###|....#.#...
#........#..#.##.###
...#.##...#. ## .#
#..#.#.##...# # .
.##..#. .. . #.. #
##. #..###.##..


You could see a Hell Sentinel.

Vanquished Creatures
  A lich (Abyss:2)
  Gastronok (D:11)
  A very ugly thing (D:11)
  Erolcha (D:8)
  2 hydras
  Erica (D:11)
  A death knight (D:12)
  2 two-headed ogres
  A thrashing horror (Abyss:2)
  A wretched star (Abyss:2)
  A wizard (D:11)
  Pikel (D:3)
  An orc knight (Bailey)
  7 ugly things (D:11)
  A worldbinder (Abyss:2)
  A cyclops (D:7)
  An apocalypse crab (Abyss:2)
  A gargoyle (D:11)
  A smoke demon (Abyss:2)
  An ancient zyme (Abyss:2)
  4 trolls
  A slime creature (D:7)
  Grinder (D:5)
  4 raiju (Abyss:2)
  Sigmund (D:3)
  A spriggan (D:8)
  2 wyverns
  A vampire (D:6)
  A wraith (D:11)
  3 hungry ghosts
  Menkaure (D:6)
  Edmund (D:4)
  A soldier ant (D:10)
  An acid dragon (D:7)
  Duvessa (D:4)
  A water moccasin (D:9)
  3 hornet zombies
  9 orc warriors
  2 ice beasts
  3 sky beasts
  A swamp drake (D:10)
  2 necrophages
  An eye of draining (D:10)
  A wolf (D:9)
  3 ogres
  4 phantoms
  6 centaurs
  A big kobold (D:10)
  Blork the orc (D:4)
  3 bullfrogs
  3 gnoll sergeants (D:9)
  Dowan (D:4)
  2 wyvern skeletons (D:11)
  7 scorpions
  2 wights
  3 howler monkeys
  5 crimson imps
  A bullfrog zombie (D:6)
  A quasit (Abyss:2)
  4 centaur zombies
  3 jellies
  13 orc priests
  15 orc wizards
  4 bullfrog skeletons
  12 hounds
  3 centaur skeletons
  Terence (D:2)
  4 iguanas
  7 worker ants
  Natasha (thrice) (D:2)
  2 hound skeletons
  3 worker ant zombies
  24 gnolls
  A howler monkey skeleton (D:4)
  6 adders
  2 shadow imps
  An ufetubus (Abyss:2)
  An adder zombie (D:7)
  An ooze (D:1)
  2 adder skeletons
  5 worms
  4 dart slugs
  9 leopard geckos
  75 orcs
  12 bats
  12 giant cockroaches
  12 goblins
  8 hobgoblins
  15 jackals
  22 kobolds
  3 quokkas
  6 frilled lizards
  2 leopard gecko skeletons
  A quokka skeleton (D:7)
  4 rats
420 creatures vanquished.

Vanquished Creatures (others)
  A slave (D:3)
  An orc warrior (D:10)
  An orc wizard (D:7)
  2 orcs (D:10)
5 creatures vanquished.

Grand Total: 425 creatures vanquished

Notes
Turn   | Place    | Note
-------+----------+-------------------------------------------
     0 | D:1      | Peloso the Minotaur Fighter began the quest for the Orb.
     0 | D:1      | Reached XP level 1. HP: 19/19 MP: 0/0
    87 | D:1      | Reached XP level 2. HP: 24/27 MP: 1/1
   249 | D:1      | Reached XP level 3. HP: 28/33 MP: 2/2
   903 | D:2      | Noticed Natasha
   913 | D:2      | Killed Natasha
   913 | D:2      | Reached skill level 3 in Long Blades
   913 | D:2      | Reached XP level 4. HP: 11/41 MP: 3/3
  1222 | D:2      | Noticed a bullfrog
  1234 | D:2      | Killed a bullfrog
  1234 | D:2      | Reached XP level 5. HP: 14/47 MP: 4/4
  1550 | D:2      | Noticed Natasha
  1559 | D:2      | Killed Natasha
  1852 | D:2      | Noticed Natasha
  1864 | D:2      | Killed Natasha
  1864 | D:2      | Reached skill level 4 in Long Blades
  1883 | D:2      | Found an opulent altar of Gozag.
  1931 | D:2      | Found a shimmering blue altar of Sif Muna.
  1945 | D:2      | Noticed Terence
  1955 | D:2      | Killed Terence
  1955 | D:2      | Reached skill level 5 in Armour
  2232 | D:3      | Noticed an ogre
  2272 | D:3      | Noticed Sigmund
  2313 | D:4      | Reached skill level 1 in Dodging
  2565 | D:4      | Reached skill level 5 in Shields
  2836 | D:4      | Found a shattered altar of Ashenzari.
  2945 | D:4      | Noticed Duvessa
  2962 | D:4      | Noticed Dowan
  2970 | D:4      | Killed Duvessa
  2970 | D:4      | Reached XP level 6. HP: 32/55 MP: 5/5
  2979 | D:4      | Killed Dowan
  3243 | D:4      | Found a staircase to the Ecumenical Temple.
  3249 | Temple   | Entered the Ecumenical Temple
  3316 | Temple   | Became a worshipper of Warmaster Okawaru
  3363 | D:4      | Reached skill level 5 in Fighting
  3763 | D:4      | Reached XP level 7. HP: 53/61 MP: 6/6
  3770 | D:4      | Noticed Blork the orc
  3790 | D:4      | Killed Blork the orc
  3790 | D:4      | Reached skill level 5 in Long Blades
  4126 | D:4      | Noticed Edmund
  4159 | D:4      | Killed Edmund
  4159 | D:4      | Reached * piety under Okawaru
  4428 | D:4      | Noticed Pikel
  4453 | D:3      | Killed Pikel
  4453 | D:3      | Reached skill level 6 in Long Blades
  4453 | D:3      | Reached XP level 8. HP: 28/70 MP: 4/7
  4640 | D:3      | Found a shadowy altar of Dithmenos.
  4829 | D:3      | Killed Sigmund
  4829 | D:3      | Reached skill level 7 in Long Blades
  4882 | D:3      | Found a faded altar of an unknown god.
  5446 | D:5      | Entered Level 5 of the Dungeon
  5505 | D:5      | Noticed Grinder
  5513 | D:5      | Killed Grinder
  5657 | D:5      | Reached ** piety under Okawaru
  5669 | D:5      | Reached skill level 8 in Long Blades
  5700 | D:5      | Reached XP level 9. HP: 29/78 MP: 8/8
  6742 | D:6      | Found an ancient bone altar of Kikubaaqudgha.
  6744 | D:6      | Noticed Menkaure
  6751 | D:6      | Found a basalt altar of Yredelemnul.
  6782 | D:6      | Found a transporter.
  6807 | D:6      | Found a transporter.
  7232 | D:6      | Found a bloodstained altar of Trog.
  7494 | D:7      | Noticed a two-headed ogre
  7494 | D:7      | Noticed a cyclops
  7584 | D:7      | Killed a cyclops
  7584 | D:7      | Reached skill level 9 in Long Blades
  7725 | D:7      | Identified the Guide on Dusty Protection
  7743 | D:7      | Got a spiked leather armour
  7754 | D:7      | Identified the +2 leather armour "Iteg" {rF+ Int+2} (You
                  | found it on level 7 of the Dungeon)
  7812 | D:7      | Killed a two-headed ogre
  7812 | D:7      | Reached *** piety under Okawaru
  7812 | D:7      | Reached skill level 1 in Invocations
  7817 | D:7      | Reached skill level 10 in Long Blades
  7910 | D:7      | Reached XP level 10. HP: 71/86 MP: 9/9
  8885 | D:8      | Found a hazy altar of Hepliaklqana.
  8920 | D:8      | Reached **** piety under Okawaru
  9062 | D:8      | Found a stormy altar of Qazlal.
  9075 | D:8      | Found a staircase to the Lair.
  9443 | D:8      | Reached skill level 10 in Shields
  9553 | D:8      | Found a snail-covered altar of Cheibriados.
  9713 | D:9      | Found a flagged portal.
  9895 | Bailey   | Entered a bailey
 10016 | Bailey   | Noticed an orc knight
 10034 | Bailey   | Killed an orc knight
 10034 | Bailey   | Reached skill level 11 in Long Blades
 10070 | Bailey   | Found a burning altar of Makhleb.
 10084 | Bailey   | Reached skill level 10 in Armour
 10270 | D:9      | Noticed Erolcha
 10286 | D:8      | Killed Erolcha
 10395 | D:9      | Received a gift from Okawaru
 10407 | D:9      | Reached XP level 11. HP: 86/95 MP: 11/11
 10447 | D:9      | Reached ***** piety under Okawaru
 10659 | D:9      | Found a blossoming altar of Fedhas.
 10928 | D:9      | Noticed a seven-headed hydra
 10938 | D:9      | Killed a seven-headed hydra
 11282 | D:6      | Killed Menkaure
 11448 | D:10     | Entered Level 10 of the Dungeon
 12106 | D:10     | Found a staircase to the Orcish Mines.
 12137 | D:10     | Reached skill level 12 in Long Blades
 12341 | D:10     | Noticed a seven-headed hydra
 12350 | D:10     | Killed a seven-headed hydra
 12584 | D:10     | Reached skill level 1 in Evocations
 12810 | D:11     | Received a gift from Okawaru
 12968 | D:11     | Noticed a two-headed ogre
 12977 | D:11     | Killed a two-headed ogre
 13004 | D:11     | Noticed Gastronok
 13023 | D:11     | Killed Gastronok
 13023 | D:11     | Reached skill level 13 in Long Blades
 13023 | D:11     | Reached XP level 12. HP: 91/106 MP: 10/12
 13224 | D:11     | Found a shimmering altar of Xom.
 13336 | D:11     | Noticed Erica
 13352 | D:11     | Killed Erica
 13352 | D:11     | Reached skill level 10 in Fighting
 13632 | D:12     | Noticed a death knight
 13690 | D:12     | Killed a death knight
 13714 | D:12     | Noticed a cyan very ugly thing
 13733 | D:11     | Received a gift from Okawaru
 13948 | D:11     | Reached skill level 14 in Long Blades
 14021 | D:11     | Received a gift from Okawaru
 14031 | D:11     | Got a fine falchion {god gift}
 14032 | D:11     | Identified the +6 falchion of Nuaff {flame, rElec} (Okawaru
                  | gifted it to you on level 11 of the Dungeon)
 14103 | D:11     | Killed a cyan very ugly thing
 14389 | D:12     | Cast into level 2 of the Abyss (a wizard)
 14470 | Abyss:2  | Noticed a lich
 14482 | Abyss:2  | Killed a lich
 14503 | Abyss:2  | Noticed a starcursed mass
 14517 | Abyss:2  | Noticed a tentacled starspawn
 14518 | Abyss:2  | Reached ****** piety under Okawaru
 14559 | Abyss:2  | Reached XP level 13. HP: 44/116 MP: 11/14
 14735 | Abyss:2  | Received a gift from Okawaru
 14788 | Abyss:2  | Noticed a Hell Sentinel
 14798 | Abyss:2  | HP: 1/81 [Hell Sentinel (6)]
 14798 | Abyss:2  | Slain by a Hell Sentinel

Levels and vault maps discovered:
D:1:      lightli_arrival_flooded_house, layout_basic, serial_bayou_pond_a
D:2:      layout_basic, led_sif_pool, old_standard_altar,
          minmay_misc_feat_hallway, minmay_distorted, uniq_natasha, uniq_terence
D:3:      layout_loops_ring, nicolae_dithmenos_shadow_blocks,
          chequers_ecumenical_altar_grove, uniq_sigmund
D:4:      layout_layer_cave, nicolae_overflow_crystal_walls,
          minmay_temple_entry_sparse_star, uniq_blork_the_orc, uniq_pikel,
          uniq_edmund, uniq_duvessa
D:5:      layout_loops_cross, first_ration, uniq_grinder
D:6:      wad_crossroads, layout_loops_ring, lightli_temple_of_fire,
          gammafunk_temple_of_torment
D:7:      minmay_the_grid_octo_triangle [minmay_the_grid_octo_focus,
          minmay_the_grid_octo_prize_square_snowflake,
          minmay_the_grid_octo_teeth], layout_basic
D:8:      minmay_distorted_concentric_squares, layout_basic, slow_altar_2,
          old_standard_altar, lemuel_crystal_altar, dpeg_oklobed_lair,
          the_bakery
D:9:      layout_cave_pools, fedhas_bush_and_centaur_altar, enter_bailey_3,
          serial_gnoll_camp, gnoll_camp_mini_loothouse,
          gnoll_camp_mini_doghouse, gnoll_camp_mini_doghouse,
          gnoll_camp_mini_house, gnoll_camp_mini_hut, fountainhead, uniq_erolcha
D:10:     layout_basic, erik_orc_1, evilmike_minifort
D:11:     layout_loops_ring, brannock_xom_greatest_gift, uniq_gastronok,
          uniq_erica
D:12:     cheibrodos_breeding_chamber, layout_basic, serial_shops, shop,
          chequers_arboretum
Temple:   minmay_temple_curvy_loop
Abyss:2:  hangedman_stitches_earthworm, hangedman_abyss_mock_shop,
          hangedman_abyss_mock_shop, abyss_furniture_001

Skill      XL: |  1  2  3  4  5  6  7  8  9 10 11 12 13 |
---------------+----------------------------------------+-----
Armour         | 4 5 7 8 9 10 11 12 | 12.0
Fighting       | 4 5 6 7 8 9 11 | 11.4
Shields        | 4 5 6 7 9 10 12 13 | 13.3
Long Blades    | 3 4 6 8 10 11 13 14 | 14.9
Dodging        | 1 2 3 4 |  4.3
Invocations    | 1 2 |  2.7
Evocations     | 1 |  1.8
Maces & Flails | |  0.4
Stealth        | |  0.4

Action                   |  1- 3 |  4- 6 |  7- 9 | 10-12 | 13-15 || total
-------------------------+-------+-------+-------+-------+-------++-------
Melee: Long sword        |    71 |   120 |   313 |       |       ||   504
       Headbutt          |     9 |    27 |    83 |   250 |    19 ||   388
       Falchion          |       |       |    39 |   579 |    51 ||   669
       Scimitar          |       |       |       |   378 |       ||   378
       Whip              |       |       |       |    13 |       ||    13
Invok: Heroism           |       |       |     7 |    27 |     1 ||    35
 Abil: Evoke Flight      |       |       |       |     6 |       ||     6
  Use: Potion            |     2 |     2 |     2 |     4 |       ||    10
       Scroll            |     2 |       |     3 |     4 |       ||     9
 Stab: Confused          |       |       |       |     1 |       ||     1
  Eat: Chunk             |       |     9 |    13 |    18 |     1 ||    41
       Ration            |       |       |       |     2 |       ||     2
Armor: Scale mail        |    42 |    54 |       |       |       ||    96
       Skin              |       |     1 |       |       |       ||     1
       Chain mail        |       |       |    96 |    58 |       ||   154
       Plate armour      |       |       |    28 |   284 |    17 ||   329
Dodge: Dodged            |    20 |    51 |    65 |   231 |     5 ||   372
Block: Shield            |    35 |    71 |   187 |   592 |    15 ||   900
       Rpst.: Long sword |     3 |    14 |    14 |       |       ||    31
       Falchion          |       |       |     3 |    32 |       ||    35
       Scimitar          |       |       |       |    26 |       ||    26

Table legend:
 A = Non-vault XP
 B = Vault XP
 C = Vault XP percentage of total XP
 D = Non-vault monster count
 E = Vault monster count
 F = Vault count percentage of total count
                 A         B        C        D         E       F
            +---------+---------+-------+---------+---------+-------
      Total |   20139 |   20078 |  49.9 |     303 |     120 |  28.4
            +---------+---------+-------+---------+---------+-------
        D:1 |      67 |       0 |   0.0 |      32 |       0 |   0.0
        D:2 |     178 |      70 |  28.2 |      12 |       4 |  25.0
        D:3 |     198 |     937 |  82.6 |      18 |       2 |  10.0
        D:4 |     245 |     490 |  66.7 |      28 |       4 |  12.5
        D:5 |     407 |     267 |  39.6 |      14 |       1 |   6.7
        D:6 |     695 |     670 |  49.1 |      21 |       7 |  25.0
        D:7 |     575 |    2280 |  79.9 |      22 |      15 |  40.5
        D:8 |    1098 |    1629 |  59.7 |      29 |      13 |  31.0
        D:9 |    2153 |     669 |  23.7 |      27 |      22 |  44.9
       D:10 |    1435 |    2104 |  59.5 |      27 |      24 |  47.1
       D:11 |    5340 |    8857 |  62.4 |      52 |      10 |  16.1
       D:12 |    1145 |       0 |   0.0 |      10 |       0 |   0.0
    Abyss:2 |    6603 |    1191 |  15.3 |      11 |       2 |  15.4
     Bailey |       0 |     914 | 100.0 |       0 |      16 | 100.0
            +---------+---------+-------+---------+---------+-------
